 Dungeon Crawl Stone Soup version 0.19.1-1-g22dce08 (webtiles) character file.

114 M4edhros the Insei (level 4, -1/27 HPs)
             Began as an Octopode Necromancer on Jan 3, 2017.
             Slain by a water moccasin zombie (5 damage)
             ... in an ossuary.
             The game lasted 00:04:15 (757 turns).

M4edhros the Insei (Octopode Necromancer)            Turns: 757, Time: 00:04:16

Health: -1/27      AC:  3    Str:  7    XL:     4   Next: 97%
Magic:  1/7        EV: 13    Int: 17    God:
Gold:   47         SH:  0    Dex: 11    Spells: 3 memorised, 2 levels left

rFire  . . .     SeeInvis .       - Unarmed
rCold  . . .     Gourm    .     (no shield)
rNeg   . . .     Faith    .     (helmet restricted)
rPois  .         Spirit   .     (no amulet)
rElec  .         Reflect  .     f - ring of stealth
rCorr  .         Harm     .     (no ring)
MR     .....                    (no ring)
Stlth  ++++......               (no ring)
                                (no ring)
                                (no ring)
                                (no ring)
                                (no ring)

@: regenerating (expiring)
A: almost no armour, stealthy swim, amphibious, 8 rings, constrict 8, thin
metallic scales 1, camouflage 1, clumsy 1, mutation resistance 1, gelatinous
body 1
a: no special abilities


You were in an ossuary.
You were not hungry.

You visited 1 branch of the dungeon, and saw 5 of its levels.
You also visited: Ossuary.

You collected 47 gold pieces.

Inventory:

Jewellery
 f - a ring of stealth (left tentacle)
Scrolls
 c - a scroll of noise {unknown}
 d - a scroll of identify {unknown}
Books
 a - a book of Necromancy

   Spells                             Type                      Level
   a - Pain                           Necromancy                   1
   b - Animate Skeleton               Necromancy                   1
   c - Vampiric Draining              Necromancy                   3
   d - Regeneration                   Charms/Necromancy            3
   e - Animate Dead                   Necromancy                   4
   f - Control Undead                 Necromancy                   4


   Skills:
 - Level 2.0 Dodging
 - Level 2.6 Stealth
 + Level 4.4 Unarmed Combat
 - Level 2.0 Spellcasting
 - Level 4.0 Necromancy


You had 2 spell levels left.
You knew the following spells:

 Your Spells              Type           Power        Failure   Level  Hunger
a - Pain                  Necr           ###.         3%          1    #......
b - Animate Skeleton      Necr           N/A          3%          1    #......
c - Regeneration          Chrm/Necr      #.........   24%         3    ###....


Dungeon Overview and Level Annotations

Branches:
Dungeon (5/15)
 Temple: D:4-7

Altars:


Innate Abilities, Weirdness & Mutations

You cannot wear most types of armour.
You are very stealthy in the water. (Stealth+)
You are amphibious.
You can wear up to eight rings at the same time.
You can use your tentacles to constrict eight enemies at once.
Your skin changes colour to match your surroundings (Stealth+).
Your rubbery body absorbs attacks. (AC +1, EV +1)
You are partially covered in thin metallic scales. (AC +2)
You are clumsy. (Dex -2)
You are somewhat resistant to further mutation.


Message History

You tentacle-slap the water moccasin zombie.
The water moccasin zombie is lightly damaged.
You constrict the water moccasin zombie, but do no damage.
The water moccasin zombie bites you!
You tentacle-slap the water moccasin zombie but do no damage.
The water moccasin zombie is lightly damaged.
You constrict the water moccasin zombie.
The water moccasin zombie bites you.
* * * LOW HITPOINT WARNING * * *
You bludgeon the water moccasin zombie!
The water moccasin zombie is moderately damaged.
You constrict the water moccasin zombie.
The water moccasin zombie bites you.
* * * LOW HITPOINT WARNING * * *
The water moccasin zombie misses you.
You tentacle-slap the water moccasin zombie.
The water moccasin zombie is heavily damaged.
You constrict the water moccasin zombie.
The water moccasin zombie bites you.
You die... #+### #...# #..Z# .ZZ# ZZ#

###Z# #.^@#
#.^^# #.^.#
#.^^# ###'#
#^.^# ###
#####.^^#
#?!!!#...#...#
+!($!#.∩.'...#


You could see 2 adder zombies, a water moccasin zombie, a hobgoblin zombie, a
big kobold zombie and an orc zombie.

Vanquished Creatures
  2 bullfrog skeletons (D:4)
  2 adders
  A shadow imp (D:5)
  2 adder zombies (Ossuary)
  A worm (D:3)
  3 orcs (D:3)
  A giant cockroach (D:5)
  A goblin (D:2)
  2 hobgoblins
  A quokka (D:2)
  A bat (D:3)
  4 frilled lizards
  A quokka skeleton (D:4)
  A rat (D:1)
23 creatures vanquished.

Notes
Turn   | Place    | Note
-------+----------+-------------------------------------------
     0 | D:1      | M4edhros the Octopode Necromancer began the quest for the Orb.
     0 | D:1      | Reached XP level 1. HP: 11/11 MP: 3/3
   167 | D:2      | Reached skill level 1 in Unarmed Combat
   178 | D:2      | You fall through a shaft!
   184 | D:3      | Reached XP level 2. HP: 6/17 MP: 1/5
   263 | D:3      | Learned a level 1 spell: Animate Skeleton
   334 | D:3      | Gained mutation: You are clumsy. (Dex -2) [potion of mutation]
   334 | D:3      | Gained mutation: You are partially covered in thin metallic scales. (AC +2) [potion of mutation]
   334 | D:3      | Gained mutation: You are somewhat resistant to further mutation. [potion of mutation]
   341 | D:3      | Reached XP level 3. HP: 5/21 MP: 2/6
   346 | D:3      | Learned a level 3 spell: Regeneration
   565 | D:4      | Reached XP level 4. HP: 13/27 MP: 1/7
   624 | D:5      | Entered Level 5 of the Dungeon
   682 | D:4      | Found a sand-covered staircase.
   688 | Ossuary  | Entered an ossuary
   757 | Ossuary  | Slain by a water moccasin zombie

Skill      XL: |  1  2  3  4 |
---------------+-------------+-----
Unarmed Combat | 1 2 3 4 |  4.4
Dodging        | |  2.0
Stealth        | |  2.6
Spellcasting   | |  2.0
Necromancy     | |  4.0

Action                   |  1- 3 |  4- 6 || total
-------------------------+-------+-------++-------
Melee: Unarmed           |    47 |    17 ||    64
       Constrict         |     9 |     4 ||    13
       Tentacles         |     6 |     2 ||     8
 Cast: Pain              |    12 |     3 ||    15
       Animate Skeleton  |     2 |       ||     2
       Regeneration      |     3 |     5 ||     8
  Use: Potion            |     4 |       ||     4
       Scroll            |     1 |     1 ||     2
 Stab: Sleeping          |     4 |     2 ||     6
  Eat: Bread ration      |       |     1 ||     1
Armor: Skin              |     2 |     1 ||     3
Dodge: Dodged            |    24 |    11 ||    35
